 Dungeon Crawl Stone Soup version 0.28.0 (webtiles) character file.

Game seed: 14164646190160690782

1808 croobank the Sneak (level 9, -11/58 HPs)
             Began as an Octopode Delver on Feb 18, 2022.
             Was an Initiate of Gozag.
             Mangled by a two-headed ogre (23 damage)
             ... on level 7 of the Dungeon.
             The game lasted 00:36:39 (7861 turns).

croobank the Sneak (Octopode Delver)                Turns: 7861, Time: 00:36:40

Health: -11/58     AC:  8    Str: 20    XL:     9   Next: 10%
Magic:  0/15       EV: 13    Int: 14    God:    Gozag
Gold:   1111       SH:  0    Dex: 13    Spells: 8/17 levels left

rFire   . . .      SeeInvis .   o - +1 flail (protect)
rCold   . . .      Faith    .   (no shield)
rNeg    . . .      Spirit   +   (helmet restricted)
rPois   +          Reflect  .   f - amulet of guardian spirit
rElec   .          Harm     .   h - +6 ring of strength
rCorr   .          Rampage  .   v - ring of poison resistance
Will    .....                   (no ring)
Stlth   +++++.....              (no ring)
HPRegen 0.19/turn               (no ring)
MPRegen 0.14/turn               (no ring)
                                (no ring)
                                (no ring)

@: under a protective aura
A: almost no armour, amphibious, 8 rings, camouflage 1, gelatinous body 1,
(nimble swimmer 1), tentacles
a: Renounce Religion, Potion Petition, Call Merchant, Bribe Branch


You were on level 7 of the Dungeon.
You worshipped Gozag.
Gozag was most pleased with you.
You visited 1 branch of the dungeon, and saw 7 of its levels.

You collected 1140 gold pieces.
You paid 29 gold pieces to Gozag.

Inventory:

Hand Weapons
 b - a +0 hunting sling of flaming
 e - a +1 dagger of venom
 o - a +1 flail of protection (weapon)
 y - a +3 halberd
 z - a +3 falchion
Missiles
 c - 57 bolts
 g - 7 javelins (quivered)
 j - 13 poisoned darts
 l - 115 stones
 p - 2 throwing nets
 w - 17 sling bullets
 x - a boomerang
Jewellery
 f - an amulet of guardian spirit (around mantle)
 h - a +6 ring of strength (left tentacle)
 i - an amulet of the acrobat
 v - a ring of poison resistance (right tentacle)
Scrolls
 a - a scroll of fog
 m - a scroll of enchant armour
 q - 2 scrolls of identify
 s - a scroll of vulnerability {unknown}
 t - 2 scrolls of fear
 A - a scroll of noise {unknown}
Potions
 d - 2 potions of haste
 k - 2 potions of brilliance
 n - 2 potions of flight
 r - a potion of lignification {unknown}
 u - a potion of curing


   Skills:
 - Level 4.3 Fighting
 - Level 2.0 Dodging
 - Level 7.9 Stealth
 - Level 2.0 Unarmed Combat
 - Level 4.6 Spellcasting
 - Level 5.1 Conjurations
 - Level 5.1 Hexes
 + Level 4.8 Fire Magic


You had 8 spell levels left.
You knew the following spells:

 Your Spells              Type           Power      Damage    Failure   Level
a - Dazzling Flash        Conj/Hex       34%        N/A       6%          3
b - Scorch                Fire           32%        2d7       3%          2
c - Flame Wave            Conj/Fire      17%        2d6       24%         4

Your spell library contained the following spells:

 Spells                   Type           Power      Damage    Failure   Level
 Blink                    Tloc           6%         N/A       28%         2
 Lesser Beckoning         Tloc           3%         N/A       50%         3
 Iskenderun's Mystic Bla  Conj/Tloc      10%        2d4       52%         4
 Starburst                Conj/Fire      8%         6d4       98%         6
 Manifold Assault         Tloc           3%         N/A       99%         5
 Summon Cactus Giant      Summ           1%         N/A       100%        6


Dungeon Overview and Level Annotations

Branches:
Dungeon (7/15)             Temple (0/1) D:4

Altars:
Ashenzari
Gozag
Hepliaklqana
Okawaru
Qazlal
Ru
Trog
Wu Jian

Shops:
D:1 [


Innate Abilities, Weirdness & Mutations

You cannot wear most types of armour.
You are amphibious.
You can wear up to eight rings at the same time.
Your skin changes colour to match your surroundings (Stealth+).
Your rubbery body absorbs attacks. (AC +1, EV +1)
((You are camouflaged when in or above water. (Stealth+)))
You have tentacles for arms and can constrict up to eight enemies at once.


Message History

Confirm with . or Enter, or press ? or * to list all spells.
Okay, then.
Throw: 8 javelins
Press: ? - help, Q - select action, (/) - cycle Shift-Dir - straight line, f/p - two-headed ogre
Aim: a two-headed ogre, wielding a +0 dire flail and a +0 giant spiked club (lightly wounded, 74% to hit)
You throw a javelin.
The javelin pierces through the two-headed ogre!
The two-headed ogre is moderately wounded.
Casting: Scorch (safe; 3% risk of failure)
Confirm with . or Enter, or press ? or * to list all spells.
Okay, then.
Casting: Scorch (safe; 3% risk of failure)
Confirm with . or Enter, or press ? or * to list all spells.
Flames lash the two-headed ogre.
The two-headed ogre is moderately wounded.
The two-headed ogre's fire resistance burns away.
Casting: Scorch (safe; 3% risk of failure)
Confirm with . or Enter, or press ? or * to list all spells.
Casting: Dazzling Flash (dangerous; 6% risk of failure)
Press: ? - help, Dir - look around, f - activate
Casting: Dazzling Flash (dangerous; 6% risk of failure)
Confirm with . or Enter, or press ? or * to list all spells.
Casting: Dazzling Flash (dangerous; 6% risk of failure)
Press: ? - help, Dir - look around, f - activate The two-headed ogre is dazzled.
The two-headed ogre closely misses you. x2
You sock the two-headed ogre!
Your weapon exudes an aura of protection.
The two-headed ogre is heavily wounded.
The two-headed ogre hits you with a +0 dire flail!
The two-headed ogre hits you with a +0 giant spiked club!
You sock the two-headed ogre!
The two-headed ogre is severely wounded.
The two-headed ogre is no longer more vulnerable to fire.
The two-headed ogre is no longer blind.
The two-headed ogre hits you with a +0 dire flail!
The two-headed ogre hits you with a +0 giant spiked club!
* * * LOW HITPOINT WARNING * * *
The two-headed ogre hits you with a +0 dire flail!!
You die...
Your body crumbles into a pile of gold.

##.<.# .###...##
#......# #.
####...## #..
###..## #... ##..##
#...( ##..###
#.....
###..########.....(
##.....@O........
#..#####........
##.## #.........
#..# #.........>
#..# ##.........
##.## #.........
#..# ##........
#.## #........ ##.#
##......#


You could see a two-headed ogre.

Vanquished Creatures
  Grinder (D:3)
  Eustachio (D:5)
  A water moccasin (D:7)
  2 sky beasts (D:5)
  An ogre (D:6)
  A centaur (D:5)
  A phantom (D:6)
  A bullfrog (D:5)
  A wyvern skeleton (D:4)
  3 wights (D:6)
  2 jellies
  A bullfrog zombie (D:5)
  2 hounds
  5 orc priests
  A bullfrog skeleton (D:5)
  2 iguanas
  4 orc wizards
  A howler monkey skeleton (D:4)
  7 adders
  A shadow imp (D:4)
  A white imp (D:5)
  2 worms
  12 dart slugs
  17 orcs
  12 bats
  9 endoplasms
  A giant cockroach (D:1)
  7 goblins
  A hobgoblin (D:2)
  7 jackals (D:1)
  9 kobolds
  4 quokkas
  4 ball pythons
  2 frilled lizards
  4 rats
131 creatures vanquished.

Notes
Turn   | Place    | Note
-------+----------+-------------------------------------------
     0 | D:5      | croobank the Octopode Delver began the quest for the Orb.
     0 | D:5      | Reached XP level 1. HP: 16/16 MP: 1/1
    41 | D:5      | Noticed an iguana
    43 | D:5      | Noticed a sky beast
    87 | D:3      | Found a bloodstained altar of Trog.
    87 | D:3      | Found an opulent altar of Gozag.
    95 | D:3      | Became a worshipper of Gozag Ym Sagoz the Greedy
   184 | D:3      | Noticed an iguana
   286 | D:2      | Reached skill level 7 in Stealth
   287 | D:2      | Reached XP level 2. HP: 16/21 MP: 2/2
   623 | D:1      | Reached XP level 3. HP: 5/26 MP: 3/3
  1076 | D:1      | Found Kiso's Armour Shoppe.
  1473 | D:1      | Found a faded altar of an unknown god.
  1921 | D:2      | Reached XP level 4. HP: 30/33 MP: 2/4
  2177 | D:2      | Found a sacrificial altar of Ru.
  2392 | D:2      | Learned a level 3 spell: Dazzling Flash
  2805 | D:3      | Reached XP level 5. HP: 37/37 MP: 5/5
  2887 | D:3      | Reached skill level 1 in Conjurations
  2887 | D:3      | Reached skill level 1 in Hexes
  3053 | D:3      | Found a hazy altar of Hepliaklqana.
  3135 | D:3      | Noticed Grinder
  3212 | D:4      | Reached XP level 6. HP: 43/43 MP: 6/6
  3332 | D:4      | Found a broken altar of Ashenzari.
  4016 | D:4      | Found a staircase to the Ecumenical Temple.
  4059 | D:5      | Killed a sky beast
  4060 | D:5      | Reached XP level 7. HP: 30/48 MP: 2/7
  4223 | D:5      | Found a stormy altar of Qazlal.
  4257 | D:5      | Noticed Eustachio
  4731 | D:5      | Found an ornate altar of the Wu Jian Council.
  5031 | D:5      | Found an iron altar of Okawaru.
  5040 | D:5      | Found a sacrificial altar of Ru.
  5061 | D:5      | Killed Eustachio
  5062 | D:5      | Reached skill level 5 in Conjurations
  5062 | D:5      | Reached skill level 5 in Hexes
  5062 | D:5      | Reached XP level 8. HP: 27/54 MP: 2/8
  5085 | D:5      | Learned a level 2 spell: Scorch
  5389 | D:5      | Reached skill level 1 in Fire Magic
  5819 | D:3      | Paralysed by Grinder for 7 turns
  5832 | D:3      | Paralysed by Grinder for 2 turns
  5838 | D:3      | Killed Grinder
  6574 | D:6      | Reached skill level 1 in Spellcasting
  7404 | D:6      | Reached XP level 9. HP: 23/58 MP: 6/15
  7740 | D:7      | Learned a level 4 spell: Flame Wave
  7851 | D:7      | Noticed a two-headed ogre
  7861 | D:7      | Mangled by a two-headed ogre

Illustrated notes

Levels and vault maps discovered:
D:1:      lemuel_arrival_tunnels, layout_basic,
          shapermc_ecumenical_altar_flowoftime, serial_shops, shop
D:2:      layout_basic, minmay_hexomino_r4
D:3:      layout_loops_ring, mainiacjoe_overflow_brackets,
          nicolae_overflow_hidden_temple, uniq_grinder
D:4:      cheibrodos_quashed, layout_gridville, general_overflow_altar,
          minmay_temple_entry_hall
D:5:      layout_basic, minitemple, mainiacjoe_overflow_catch_the_wave,
          uniq_eustachio
D:6:      kennysheep_slugbush, layout_loops_ring, nrook_campfire,
          dk_rats_in_the_wall
D:7:      layout_cave_pods, uniq_pikel

Skill      XL: |  1  2  3  4  5  6  7  8  9 |
---------------+----------------------------+-----
Stealth        | 7 |  7.9
Fighting       | 4 |  4.3
Conjurations   | 2 3 5 |  5.1
Hexes          | 2 3 5 |  5.1
Fire Magic     | 3 4 |  4.8
Spellcasting   | 4 |  4.6
Dodging        | |  2.0
Unarmed Combat | |  2.0

Action                   |  1- 3 |  4- 6 |  7- 9 || total
-------------------------+-------+-------+-------++-------
Melee: Unarmed           |    56 |       |       ||    56
       Constrict         |    28 |    17 |    28 ||    73
       Tentacles         |    22 |    17 |    31 ||    70
       Punch             |     2 |     2 |     2 ||     6
       Dagger            |    33 |    86 |    20 ||   139
       Flail             |       |       |   104 ||   104
Throw: Javelin           |       |     4 |     2 ||     6
 Cast: Dazzling Flash    |       |       |     6 ||     6
       Scorch            |       |       |     6 ||     6
Evoke: Wand              |     3 |       |       ||     3
  Use: Scroll            |     2 |     4 |     2 ||     8
       Potion            |     1 |       |     6 ||     7
 Stab: Sleeping          |     7 |    20 |     5 ||    32
       Invisible         |       |       |     1 ||     1
       Distracted        |       |       |     1 ||     1
Armor: Skin              |     7 |     2 |    21 ||    30
Dodge: Dodged            |    49 |    41 |    85 ||   175
